 Dungeon Crawl Stone Soup version 0.27.1-3-gb3d3a73c9e (webtiles) character file.

Game seed: 7457704714208489482

48525 Cykl0x the Blocker (level 14, -16/122 HPs)
             Began as a Minotaur Fighter on Oct 12, 2021.
             Was an Elder of the Shining One.
             Killed from afar by a storm dragon (25 damage)
             ... with a bolt of lightning
             ... on level 15 of the Dungeon.
             The game lasted 00:28:18 (16815 turns).

Cykl0x the Blocker (Minotaur Fighter)              Turns: 16815, Time: 00:28:19

Health: -16/122    AC: 25    Str: 28    XL:     14   Next: 12%
Magic:  18/20      EV:  9    Int:  5    God:    the Shining One [****..]
Gold:   486        SH: 30    Dex: 10    Spells: 13/13 levels left

rFire    . . .     SeeInvis .   K - +1 scimitar (flame)
rCold    + . .     Faith    .   c - +1 kite shield
rNeg     + + .     Spirit   .   C - +0 plate armour
rPois    .         Reflect  +   x - +2 hat
rElec    .         Harm     .   d - +0 cloak
rCorr    .         Rampage  +   (no gloves)
Will     ++...                  j - +1 pair of boots {rampage}
Stlth    ..........             i - amulet of reflection
HPRegen  0.30/turn              p - ring "Nudd" {Fly Will+ AC+4 Str+2}
MPRegen  0.17/turn              L - ring of protection from cold

@: mighty, divinely shielded, flying, glowing, studying Throwing
A: horns 2, retaliatory headbutt
a: Renounce Religion, Divine Shield, Cleansing Flame


You were on level 15 of the Dungeon.
You worshipped the Shining One.
The Shining One was greatly pleased with you.
You visited 2 branches of the dungeon, and saw 16 of its levels.
You also visited: Gauntlet.

You collected 942 gold pieces.
You spent 456 gold pieces at shops.

Inventory:

Hand Weapons
 a - a +2 long sword of electrocution
 K - a +1 scimitar of flaming (weapon)
Missiles
 e - 528 stones
 w - 12 boomerangs
 y - 13 javelins
 G - 3 silver boomerangs (quivered)
 J - 28 poisoned darts
Armour
 c - a +1 kite shield (worn)
 d - a +0 cloak (worn)
 h - a +0 pair of boots
 j - a +1 pair of boots of rampaging (worn)
 x - a +2 hat (worn)
 C - a +0 plate armour (worn)
Jewellery
 i - an amulet of reflection (around neck)
 o - a ring of poison resistance
 p - the ring "Nudd" (left hand) {Fly Will+ AC+4 Str+2}
   (You found it on level 4 of the Dungeon)

   [ring of protection]

   AC:        It affects your AC (+4).
   Str:       It affects your strength (+2).
   Fly:       It grants you flight.
   Will:      It increases your willpower.
 L - a ring of protection from cold (right hand)
 P - a ring of protection from cold
Wands
 b - a wand of acid (6)
 l - a wand of mindburst (23)
 q - a wand of flame (78)
 z - a wand of polymorph (5)
Scrolls
 k - 2 scrolls of brand weapon
 m - 3 scrolls of magic mapping
 s - 6 scrolls of teleportation
 B - 4 scrolls of fog
 E - a scroll of immolation
 N - 2 scrolls of fear
 R - a scroll of amnesia
 S - a scroll of enchant armour
Potions
 f - 4 potions of brilliance
 g - 8 potions of curing
 n - 3 potions of flight
 t - a potion of cancellation {unknown}
 v - a potion of resistance {unknown}
 A - a potion of mutation {unknown}
 D - a potion of magic {unknown}
 H - 2 potions of haste {unknown}
 I - a potion of berserk rage {unknown}
 M - a potion of lignification {unknown}


   Skills:
 + Level 10.4 Fighting
 + Level 14.4 Long Blades
 + Level 8.5 Throwing
 + Level 11.4 Armour
 + Level 3.1 Dodging
 + Level 14.6 Shields
 * Level 9.5 Invocations
 + Level 1.2 Evocations


You had 13 spell levels left.
You didn't know any spells.
Your spell library contained the following spells:

 Spells                   Type           Power      Damage    Failure   Level
 Animate Skeleton         Necr           0%         N/A       99%         1
 Apportation              Tloc           0%         N/A       99%         1
 Corona                   Hex            0%         N/A       99%         1
 Magic Dart               Conj           0%         1d3       99%         1
 Sandblast                Erth           0%         2d4       99%         1
 Shock                    Conj/Air       0%         1d3       99%         1
 Summon Small Mammal      Summ           0%         N/A       99%         1
 Call Imp                 Summ           0%         N/A       99%         2
 Corpse Rot               Necr/Air       N/A        N/A       99%         2
 Passwall                 Tmut/Erth      0%         N/A       99%         2
 Poisonous Vapours        Pois/Air       0%         N/A       99%         2
 Static Discharge         Conj/Air       0%         N/A       99%         2
 Call Canine Familiar     Summ           0%         N/A       100%        3
 Inner Flame              Hex/Fire       0%         N/A       100%        3
 Mephitic Cloud           Conj/Pois/Air  0%         N/A       100%        3
 Summon Guardian Golem    Hex/Summ       0%         N/A       100%        3
 Swiftness                Air            0%         N/A       100%        3
 Airstrike                Air            0%         N/A       100%        4
 Cause Fear               Hex            0%         N/A       100%        4
 Dispel Undead            Necr           0%         3d6       100%        4
 Sticky Flame             Conj/Fire      0%         2d3       100%        4
 Freezing Cloud           Conj/Ice/Air   0%         6-21      100%        5
 Lee's Rapid Deconstruct  Erth           0%         3d5*      100%        5
 Death Channel            Necr           0%         N/A       100%        6
 Discord                  Hex            0%         N/A       100%        8


Dungeon Overview and Level Annotations

Branches:
Dungeon (15/15)            Temple (1/1) D:7            Lair (0/6) D:9
    Orc (0/2) D:12         Vaults (0/5) D:14         Depths (0/5) D:15
Gauntlet (visited)

Altars:
Ashenzari
Cheibriados
Dithmenos
Elyvilon
Fedhas
Gozag
Hepliaklqana
Kikubaaqudgha
Makhleb
Nemelex Xobeh
Okawaru
Qazlal
Ru
Sif Muna
Trog
Uskayaw
Vehumet
Wu Jian
Xom
Yredelemnul
Zin
The Shining One

Shops:
D:2 =   D:5 =   D:8 *   D:9 !**?[

Portals:
Abyss: D:14

Annotations:
D:14 2 transporters, Ficoysum's ghost, journeyman GnWn


Innate Abilities, Weirdness & Mutations

You have a pair of horns on your head.
You reflexively headbutt those who attack you in melee.


Message History

Your +2 long sword of electrocution stops crackling.
Your +1 scimitar of flaming bursts into flame!
K - a +1 scimitar of flaming (weapon)
Aiming: Corrosive Bolt
Press: ? - help, Shift-Dir - straight line, f - storm dragon
Aim: a storm dragon (haloed, 81% to hit)
The bolt of acid misses the storm dragon.
The storm dragon breathes lightning at you.
The bolt of lightning hits you!!
* * * LOW HITPOINT WARNING * * *
The storm dragon breathes lightning at you.
The bolt of lightning hits you!
* * * LOW HITPOINT WARNING * * *
Your plate armour prevents you from hitting the storm dragon.
You hit the storm dragon but do no damage.
You headbutt the storm dragon!
The storm dragon is lightly wounded.
You block the storm dragon's attack.
The storm dragon claws you but does no damage.
The storm dragon tramples you but does no damage.
You slice the storm dragon!! You burn the storm dragon.
You headbutt the storm dragon!
The storm dragon is heavily wounded.
You block the storm dragon's attack. x2
The storm dragon tramples you but does no damage.
Your plate armour prevents you from hitting the storm dragon.
The storm dragon is heavily wounded.
You block the storm dragon's attack. The storm dragon claws you!
* * * LOW HITPOINT WARNING * * *
You block the storm dragon's attack.
You slash the storm dragon! You burn the storm dragon.
The storm dragon is heavily wounded.
You block the storm dragon's attack.
The storm dragon claws you but does no damage.
The storm dragon tramples you but does no damage.
You hit the storm dragon but do no damage.
The storm dragon is heavily wounded.
The storm dragon breathes lightning at you.
The bolt of lightning hits you!!
You die...

.# ##.##..##..##)##†.##...#..# .#
##.##D.##..###..##...##..# .#
##.##..##..#..##...###..#
.#########..##..##...##...## #..#
...........#.##..##.##...## #..#
....#########.##..###.#### #..#
....# ##.##..#.## #..# .≈..##
##.##..## #... ≈≈§..# ##@#.##
#.## §#≈≈.# ##D## ##.## ≈≈§..#
#############...# §≈§≈.##
#.............. .≈#...#
#########.......#.#....
≈≈≈≈..#####...............#......
≈≈§.........#............####...#
§#≈≈.######...####........#.....#
≈§≈....# ###.# #.###.##.#..<###


You could see a storm dragon (catching breath).

Vanquished Creatures
  Gastronok (D:10)
  A sphinx (D:15)
  Frances (D:14)
  A dire elephant (Gauntlet)
  A minotaur (Gauntlet)
  2 hydras
  4 boulder beetles
  5 centaur warriors
  A catoblepas (D:13)
  3 death knights
  5 two-headed ogres
  A soul eater (Gauntlet)
  A fire crab (Gauntlet)
  2 wizards (D:14)
  5 phantasmal warriors
  7 ugly things
  3 deep elf pyromancers
  3 elephants
  3 cyclopes (D:14)
  A salamander (shapeshifter) (D:15)
  A manticore (D:8)
  An ice statue (Gauntlet)
  3 gargoyles
  A torpor snail (Gauntlet)
  4 freezing wraiths
  A komodo dragon (D:12)
  2 rime drakes (Gauntlet)
  An efreet (D:12)
  8 trolls
  8 slime creatures
  3 shadows
  3 wyverns
  A centaur simulacrum (D:14)
  7 wraiths
  3 yaks (D:9)
  4 fire bats (Gauntlet)
  A hog (shapeshifter) (D:15)
  A human (shapeshifter) (D:15)
  A steam dragon (D:9)
  6 vampire mosquitoes
  Grum (D:5)
  4 acid dragons
  2 black bears (D:9)
  A hell hound (Gauntlet)
  6 orc warriors
  The ghost of hernaldog the Chopper, an amateur MiBe of Trog (D:4)
  2 ice beasts
  A necrophage (D:6)
  12 centaurs
  3 ogres
  3 boggarts (D:14)
  2 kobold brigands
  A phantom (D:4)
  3 bullfrogs (D:8)
  A gnoll sergeant (D:5)
  2 scorpions
  4 killer bees (D:9)
  A water moccasin skeleton (D:7)
  A vampire bat (D:9)
  3 howler monkeys
  4 crimson imps (D:13)
  A bullfrog zombie (D:5)
  2 centaur skeletons
  3 centaur zombies
  10 hounds
  3 bullfrog skeletons
  A gnoll shaman (D:5)
  4 orc priests
  Terence (D:2)
  2 iguanas
  12 orc wizards
  A killer bee zombie (D:8)
  A hound skeleton (D:4)
  3 howler monkey zombies
  12 gnolls
  6 adders
  5 shadow imps
  A white imp (D:7)
  An ufetubus (D:3)
  A dart slug (D:1)
  21 orcs
  2 endoplasms
  A giant cockroach (D:3)
  8 hobgoblins
  4 jackals
  5 quokkas
  5 ball pythons
  12 bats
  3 frilled lizards
  10 goblins
  17 kobolds
  2 rats
329 creatures vanquished.

Vanquished Creatures (others)
  A fire giant (D:15)
  9 bushes (D:9)
  2 fungi (D:9)
  2 plants (D:9)
14 creatures vanquished.

Grand Total: 343 creatures vanquished

Notes
Turn   | Place    | Note
-------+----------+-------------------------------------------
     0 | D:1      | Cykl0x the Minotaur Fighter began the quest for the Orb.
     0 | D:1      | Reached XP level 1. HP: 19/19 MP: 0/0
   316 | D:1      | Reached XP level 2. HP: 25/27 MP: 1/1
   552 | D:1      | Found a faded altar of an unknown god.
  1003 | D:2      | Noticed Terence
  1011 | D:2      | Killed Terence
  1012 | D:2      | Reached XP level 3. HP: 33/33 MP: 2/2
  1470 | D:2      | Found Eshaj Dagehi's Jewellery Shop.
  1556 | D:2      | Reached XP level 4. HP: 39/40 MP: 3/3
  1562 | D:2      | Reached skill level 1 in Throwing
  2479 | D:4      | Reached XP level 5. HP: 36/46 MP: 4/4
  2707 | D:4      | Found a large runed translucent door.
  2707 | D:4      | Found a large runed translucent door.
  2707 | D:4      | Noticed hernaldog's ghost (amateur MiBe)
  2711 | D:4      | Identified the ring "Nudd" {Fly Will+ AC+4 Str+2}
  2790 | D:4      | Noticed an ogre
  2797 | D:4      | Killed an ogre
  2798 | D:4      | Reached skill level 5 in Armour
  2798 | D:4      | Reached skill level 1 in Dodging
  3052 | D:4      | Noticed a phantom
  3066 | D:4      | Killed a phantom
  3067 | D:4      | Reached skill level 5 in Shields
  3067 | D:4      | Reached XP level 6. HP: 33/53 MP: 5/5
  3738 | D:4      | Killed hernaldog's ghost
  3739 | D:4      | Reached skill level 5 in Long Blades
  3832 | D:5      | Entered Level 5 of the Dungeon
  3840 | D:5      | Reached XP level 7. HP: 60/60 MP: 6/6
  3841 | D:5      | Found a bloodstained altar of Trog.
  3995 | D:5      | Reached skill level 5 in Fighting
  4155 | D:5      | Found Jazotsup's Jewellery Shoppe.
  4444 | D:5      | Found a basalt altar of Yredelemnul.
  4465 | D:5      | Noticed Grum
  4468 | D:5      | Reached XP level 8. HP: 62/69 MP: 7/7
  4493 | D:5      | Killed Grum
  5148 | D:6      | Noticed a troll
  5154 | D:6      | Killed a troll
  5457 | D:6      | Reached XP level 9. HP: 75/75 MP: 8/8
  5723 | D:7      | Found a sparkling altar of Nemelex Xobeh.
  6157 | D:7      | Found a staircase to the Ecumenical Temple.
  6212 | Temple   | Entered the Ecumenical Temple
  6219 | Temple   | Became a worshipper of the Shining One
  6372 | D:8      | Noticed a manticore
  6383 | D:8      | Killed a manticore
  6384 | D:8      | Reached skill level 1 in Invocations
  6747 | D:8      | Found Zin's Purification Station.
  6754 | D:8      | Found a glowing silver altar of Zin.
  6920 | D:5      | Bought an amulet of reflection for 360 gold pieces
  7560 | D:9      | Reached skill level 10 in Long Blades
  7981 | D:9      | Found Raewn's General Store.
  7990 | D:9      | Reached XP level 10. HP: 84/84 MP: 10/10
  7991 | D:9      | Bought 4 boomerangs for 28 gold pieces
  7992 | D:9      | Noticed an elephant
  8004 | D:9      | Killed an elephant
  8026 | D:9      | Noticed a two-headed ogre
  8032 | D:9      | Killed a two-headed ogre
  8033 | D:9      | Reached skill level 5 in Throwing
  8125 | D:9      | Found Hotyomm's Antique Armour Boutique.
  8127 | D:9      | Noticed a gargoyle
  8154 | D:9      | Killed a gargoyle
  8213 | D:9      | Found Irghemoi's Magic Scroll Emporium.
  8216 | D:9      | Bought a scroll of immolation for 52 gold pieces
  8258 | D:9      | Found a staircase to the Lair.
  8408 | D:9      | Reached * piety under the Shining One
  8626 | D:9      | Found Ylodeuq's Assorted Antiques.
  8632 | D:9      | Bought a golden potion for 16 gold pieces
  8683 | D:9      | Found Neicirufa's Distillery.
  8946 | D:10     | Entered Level 10 of the Dungeon
  8975 | D:10     | Reached skill level 10 in Shields
  8985 | D:10     | Noticed a two-headed ogre
  8992 | D:10     | Killed a two-headed ogre
  9040 | D:10     | Reached XP level 11. HP: 92/92 MP: 13/13
  9083 | D:10     | Noticed Gastronok
  9105 | D:10     | Killed Gastronok
  9106 | D:10     | Reached skill level 5 in Invocations
  9890 | D:11     | Found a gate leading to a gauntlet.
  9896 | Gauntlet | Entered a Gauntlet
  9896 | Gauntlet | Noticed a soul eater
  9896 | Gauntlet | Found a transporter.
  9908 | Gauntlet | Found a transporter.
  9911 | Gauntlet | Found a transporter.
  9912 | Gauntlet | Found a transporter.
  9918 | Gauntlet | Found a runed translucent gate.
  9918 | Gauntlet | Found a runed translucent gate.
  9918 | Gauntlet | Found a runed translucent gate.
  9920 | Gauntlet | Found a transporter.
  9923 | Gauntlet | Found a transporter.
  9924 | Gauntlet | Found a transporter.
  9927 | Gauntlet | Noticed a dire elephant
  9933 | Gauntlet | Found a transporter.
  9936 | Gauntlet | Found a transporter.
  9937 | Gauntlet | Found a transporter.
  9939 | Gauntlet | Noticed a seven-headed hydra
  9945 | Gauntlet | Found a transporter.
  9948 | Gauntlet | Found a transporter.
  9949 | Gauntlet | Found a transporter.
  9951 | Gauntlet | Noticed a fire crab
  9966 | Gauntlet | Found a transporter.
 10050 | Gauntlet | Reached ** piety under the Shining One
 10064 | Gauntlet | Killed a soul eater
 10409 | Gauntlet | Killed a dire elephant
 10637 | Gauntlet | Killed a seven-headed hydra
 10768 | Gauntlet | Killed a fire crab
 10793 | Gauntlet | Noticed a minotaur
 10800 | Gauntlet | Killed a minotaur
 10801 | Gauntlet | Reached XP level 12. HP: 74/102 MP: 15/15
 10804 | Gauntlet | Identified the amulet "Kossitam" {RegenMP Rampage}
 11011 | D:11     | Noticed a two-headed ogre
 11018 | D:11     | Killed a two-headed ogre
 11572 | D:12     | Noticed a boulder beetle
 11581 | D:12     | Killed a boulder beetle
 11582 | D:12     | Reached skill level 10 in Armour
 11584 | D:12     | Found a staircase to the Orcish Mines.
 11799 | D:12     | Noticed a two-headed ogre
 11812 | D:12     | Killed a two-headed ogre
 12347 | D:12     | Noticed a boulder beetle
 12357 | D:12     | Killed a boulder beetle
 12587 | D:13     | Noticed a catoblepas
 12596 | D:13     | Killed a catoblepas
 12623 | D:13     | Noticed a centaur warrior
 12624 | D:13     | Noticed a four-headed hydra
 12633 | D:13     | Killed a centaur warrior
 12638 | D:13     | Killed a one-headed hydra
 13146 | D:13     | Noticed a centaur warrior
 13149 | D:13     | Killed a centaur warrior
 13150 | D:13     | Reached skill level 1 in Evocations
 13236 | D:13     | Noticed a death knight
 13256 | D:13     | Found a shimmering altar of Xom.
 13267 | D:13     | Reached *** piety under the Shining One
 13357 | D:13     | Reached XP level 13. HP: 43/111 MP: 18/18
 14168 | D:14     | HP: 3/111 [phantasmal warrior[a death knight] (16)]
 14175 | D:14     | HP: 1/111 [two-headed ogre (8)]
 14617 | D:14     | Found a gate to the Vaults.
 14898 | D:14     | Found a transporter.
 14906 | D:14     | Noticed a starcursed mass
 14944 | D:14     | Found a transporter.
 14956 | D:14     | Found a one-way gate to the infinite horrors of the Abyss.
 14956 | D:14     | Noticed Ficoysum's ghost (journeyman GnWn)
 14956 | D:14     | Reached **** piety under the Shining One
 14968 | D:14     | Noticed Frances
 14985 | D:14     | Killed Frances
 15037 | D:14     | Found an opulent altar of Gozag.
 15545 | D:15     | Entered Level 15 of the Dungeon
 15587 | D:15     | Reached skill level 10 in Fighting
 15715 | D:15     | Found a staircase to the Depths.
 15715 | D:15     | Noticed a fire giant
 15729 | D:15     | Killed a fire giant
 15967 | D:15     | Reached XP level 14. HP: 69/122 MP: 19/19
 16357 | D:15     | Noticed a sphinx
 16368 | D:15     | Killed a sphinx
 16379 | D:15     | Identified the +2 ring mail of Eternity {rElec rF+ Regen+
                  | Slay-2}
 16798 | D:15     | Noticed a storm dragon
 16815 | D:15     | Killed from afar by a storm dragon

Illustrated notes

Levels and vault maps discovered:
D:1:      saegor_arrival_under_anarchy, layout_basic,
          shapermc_ecumenical_altar_pompeii
D:2:      layout_loops_ring, serial_shops, nicolae_shop_waterfront, uniq_terence
D:3:      minmay_wonky_spiral, layout_loops_ring
D:4:      layout_loops_ring, ebering_ghost_disaster_area
D:5:      layout_cave_pools, mainiacjoe_overflow_catch_the_wave,
          serial_gnoll_camp, gnoll_camp_mini_hut, gnoll_camp_mini_hut,
          gnoll_camp_mini_sergeant, grums_kennel, gnoll_camp_mini_doghouse,
          minmay_shop_enchanted_jewellery
D:6:      layout_basic
D:7:      layout_cave_pools, nemelex_spade_bored_becter, temple_pool_b,
          serial_park, serial_park_tiny_1, serial_park_tiny_2,
          serial_park_tiny_pond, serial_park_tiny_1
D:8:      layout_loops_corners, zin_purify
D:9:      layout_basic, david_lair_generic, serial_shops, shop, shop_statue,
          kennysheep_mini_moat, shop_statue, shop_coins,
          chequers_serial_rivers_large_a, roderic_batcave, grunt_ministairs_1,
          minmay_hedge_maze, grunt_decor_one_mirror
D:10:     layout_basic, uniq_gastronok
D:11:     layout_rooms, gauntlet_entry_generic, kennysheep_cluttered_room
D:12:     layout_basic, david_orc_2
D:13:     layout_cave_pools, led_xom_imps
D:14:     layout_loops_cross, david_vaults_1, gammafunk_ghost_abyssal_escape,
          nicolae_gozag_cash_rules_everything_around_me,
          ebering_dispersal_statue_hall, uniq_frances
D:15:     grunt_enter_depths_giant_problem, layout_loops_ring,
          hangedman_abyss_or_decor_stabs, minmay_diamond_spiral
Temple:   nicolae_temple_no_exploring_needed

Skill      XL: |  1  2  3  4  5  6  7  8  9 10 11 12 13 |
---------------+----------------------------------------+-----
Armour         | 4 5 6 8 9 10 11 | 11.4
Fighting       | 4 5 6 7 8 9 10 | 10.4
Shields        | 4 5 6 7 8 10 11 12 14 | 14.6
Long Blades    | 3 4 5 6 8 10 11 12 13 14 | 14.4
Throwing       | 1 2 3 4 5 6 7 8 |  8.5
Dodging        | 1 2 3 |  3.1
Invocations    | 2 4 6 8 9 |  9.5
Evocations     | 1 |  1.2

Action                   |  1- 3 |  4- 6 |  7- 9 | 10-12 | 13-15 || total
-------------------------+-------+-------+-------+-------+-------++-------
Melee: Long sword        |    63 |   122 |   203 |   363 |   260 ||  1011
       Headbutt          |    11 |    24 |    43 |   107 |    70 ||   255
       Quick blade       |       |       |       |    11 |       ||    11
       Scimitar          |       |       |       |    11 |     6 ||    17
Throw: Stone             |    37 |    36 |    31 |       |       ||   104
       Javelin           |       |       |    34 |    35 |       ||    69
       Boomerang         |       |       |       |    44 |    28 ||    72
       Dart              |       |       |       |    20 |    14 ||    34
Invok: Divine Shield     |       |       |       |     3 |     5 ||     8
Evoke: Wand              |       |       |       |     9 |     4 ||    13
  Use: Scroll            |     2 |     6 |     7 |     7 |       ||    22
       Potion            |     2 |       |       |     3 |     7 ||    12
 Stab: Invisible         |     2 |       |       |       |       ||     2
Armor: Scale mail        |    29 |    16 |       |       |       ||    45
       Chain mail        |       |    29 |    68 |       |       ||    97
       Plate armour      |       |       |    37 |   156 |    57 ||   250
Dodge: Dodged            |     9 |    32 |    56 |    73 |    34 ||   204
Block: Kite shield       |    37 |    65 |   156 |   404 |   199 ||   861
       Reflection        |       |       |     1 |    19 |    17 ||    37
       Rpst.: Long sword |     3 |     9 |    13 |    18 |     7 ||    50
